Chicago Black Hawks vs Pittsburgh Penguins
Created - Thursday, April 18, 2024 at 07:22
Goals
|
| Chicago Black Hawks |
0 |
0 |
2 |
0 |
0 |
2 |
| Pittsburgh Penguins |
0 |
0 |
2 |
0 |
1 |
3 |
|
Shots
|
| Chicago Black Hawks |
7 |
10 |
15 |
0 |
3 |
32 |
| Pittsburgh Penguins |
5 |
4 |
19 |
0 |
2 |
28 |
|
1st period
No Goal
Penalties :
Leon Draisaitl (PIT) for High sticking (Double Minor) at 2:23, Patrice Bergeron (CHI) for Holding (Minor) at 16:03, Kevin Fiala (CHI) for Hooking (Minor) at 18:25
2nd period
No Goal
Penalties :
No Penalty
3rd period
1. Chicago Black Hawks , Brent Burns 2 (Bo Horvat 34) at 0:54
2. Chicago Black Hawks , Patrice Bergeron 25 (Kirby Dach 25, Seth Jones 11) at 4:21 (PP)
3. Pittsburgh Penguins , Jean-Gabriel Pageau 15 (Sam Reinhart 33, Mattias Ekholm 7) at 8:39
4. Pittsburgh Penguins , Phillip Danault 12 (Sam Reinhart 34, Erik Karlsson 22) at 9:56 (SH)
Penalties :
Phillip Danault (PIT) for Tripping (Minor) at 3:29, Pavel Buchnevich (PIT) for Tripping (Minor) at 9:07, Erik Gudbranson (PIT) for Hooking (Minor) at 16:05
Overtime #1
No Goal
Penalties :
No Penalty
Shootout
Chicago Black Hawks, Bo Horvat - Stopped by Akira Schmid
Pittsburgh Penguins, Leon Draisaitl - Goal!
Chicago Black Hawks, Patrice Bergeron - Stopped by Akira Schmid
Pittsburgh Penguins, Mitchell Marner - Stopped by Thatcher Demko
Chicago Black Hawks, Vincent Trocheck - Stopped by Akira Schmid
Penalties :
No Penalty
Goalie Stats
Thatcher Demko (CHI), 26 saves from 28 shots - (0.929), OTL, 30-8-9, 65:00 minutes
Akira Schmid (PIT), 30 saves from 32 shots - (0.938), W, 12-4-3, 65:00 minutes
Players Stats for Chicago Black Hawks
Player Name G A P +/- PIM S H SB GA TA FO MP PP MP PK MP
------------------------------------------------------------------------------------
Barrett Hayton 0 0 0 0 0 0 1 0 0 1 3/3 20:03 4:06 1:59
Bo Horvat 0 1 1 0 0 1 2 0 0 1 8/19 18:04 3:54 0:00
Brent Burns 1 0 1 1 0 6 1 1 0 0 0/0 24:30 4:24 1:56
Cale Makar 0 0 0 -2 0 1 1 0 0 0 0/0 23:46 3:58 0:00
Conor Sheary 0 0 0 0 0 2 3 0 0 0 0/0 11:52 0:46 0:00
Devon Toews 0 0 0 0 0 1 0 2 1 0 0/0 21:17 3:58 2:02
Frederick Gaudreau 0 0 0 0 0 0 0 0 0 0 0/0 8:31 0:41 1:50
Jaden Schwartz 0 0 0 0 0 1 1 0 1 2 0/2 13:11 0:00 0:53
Kevin Fiala 0 0 0 0 2 1 2 0 1 0 0/1 20:20 3:51 0:00
Kirby Dach 0 1 1 0 0 1 1 0 1 3 1/1 18:04 4:06 0:00
Marcus Pettersson 0 0 0 0 0 0 2 0 0 0 0/0 19:03 0:27 0:00
Michael Rasmussen 0 0 0 -1 0 2 3 0 0 0 0/0 9:59 0:22 2:01
Nicholas Paul 0 0 0 -1 0 2 2 0 2 0 5/8 17:09 0:41 0:00
Patrice Bergeron 1 0 1 0 2 6 1 1 1 1 7/18 19:10 4:06 0:44
Seth Jones 0 1 1 -1 0 0 2 0 1 0 0/0 21:43 4:24 1:56
Shane Pinto 0 0 0 -1 0 3 0 0 1 0 1/3 9:32 0:00 0:29
Travis Sanheim 0 0 0 0 0 3 1 2 0 0 0/0 19:41 0:27 2:02
Vincent Trocheck 0 0 0 0 0 2 2 0 0 1 1/4 20:05 3:54 0:00
Players Stats for Pittsburgh Penguins
Player Name G A P +/- PIM S H SB GA TA FO MP PP MP PK MP
------------------------------------------------------------------------------------
Anders Lee 0 0 0 0 0 1 2 1 0 0 0/0 17:53 2:06 1:09
Brian Dumoulin 0 0 0 -1 0 0 2 3 2 2 0/0 25:10 1:59 4:23
Colton Sissons 0 0 0 0 0 0 1 0 0 0 0/1 5:37 0:00 0:00
Erik Gudbranson 0 0 0 0 2 2 1 2 0 0 0/0 14:40 0:00 0:06
Erik Karlsson 0 1 1 2 0 1 1 1 1 0 0/0 25:55 1:59 4:26
Gabriel Vilardi 0 0 0 0 0 0 0 0 0 0 1/1 6:47 0:00 0:00
J.J. Moser 0 0 0 0 0 1 1 0 0 1 0/0 14:35 0:00 0:40
Jean-Gabriel Pageau 1 0 1 0 0 4 1 3 0 0 7/11 17:53 2:06 0:50
Jordan Eberle 0 0 0 0 0 1 0 1 0 0 0/0 14:37 0:00 0:00
Leon Draisaitl 0 0 0 0 4 3 3 1 1 0 12/22 20:58 1:52 2:13
Mattias Ekholm 0 1 1 2 0 1 0 0 0 0 0/0 25:15 1:59 3:46
Mitchell Marner 0 0 0 0 0 2 1 1 1 0 0/3 22:14 1:52 3:46
Pavel Buchnevich 0 0 0 0 2 0 1 0 0 0 0/1 20:51 1:52 2:49
Phillip Danault 1 0 1 1 2 5 2 0 0 2 7/12 15:09 0:00 2:38
Ryan Johansen 0 0 0 0 0 1 1 1 1 0 0/0 11:45 0:00 0:00
Ryan Suter 0 0 0 -1 0 0 2 2 1 2 0/0 25:10 1:59 4:23
Sam Reinhart 0 2 2 1 0 5 2 2 2 2 6/8 22:44 2:06 4:07
Tom Wilson 0 0 0 0 0 1 1 0 0 0 0/0 3:54 0:00 0:00
3 Stars
1 - Sam Reinhart (PIT)
2 - Jean-Gabriel Pageau (PIT)
3 - Brent Burns (CHI)
Power Play
Chicago Black Hawks - 1 on 5 Attempt(s) - 20.00%
Pittsburgh Penguins - 0 on 2 Attempt(s) - 0.00%
Penalty Kill
Chicago Black Hawks - 2 on 2 Attempt(s) - 100.00%
- Score 0 goal in Penalty Kill
Pittsburgh Penguins - 4 on 5 Attempt(s) - 80.00%
- Score 1 goal in Penalty Kill
Team Stat
Chicago Black Hawks - Hits : 25 - Faceoff Wins : 26 - Blocked Shots : 6 - Penalty Minutes : 4
Pittsburgh Penguins - Hits : 22 - Faceoff Wins : 33 - Blocked Shots : 18 - Penalty Minutes : 10
Official
Referees : Kyle Rehman and Kevin Pollock
Linesman : Shane Heyer and Brian Mach
Game Notes
0:21 of 3rd period - Pittsburgh Penguins goal is going for a video replay. After video review, No Goal. The puck has been directed, batted or thrown into the net by an attacking player other than with a stick.
Finance
Level 1 -- Attendance: 5324 (88.73%) -- Ticket Income $532,400
Level 2 -- Attendance: 3517 (70.34%) -- Ticket Income $211,020
Level 3 -- Attendance: 2400 (80.00%) -- Ticket Income $84,000
Level 4 -- Attendance: 3830 (76.60%) -- Ticket Income $95,750
Luxury Box -- Attendance: 829 (82.90%) -- Ticket Income $165,800
Game was played at the Consol Energy Center.
Total Attendance: 15900 (79.50%)
Total Ticket Income: $1,088,970
Other Income: $381,140
Total Income: $1,470,110
Chicago Black Hawks
5 vs 5 Forward
Center Left Wing Right Wing Time % Phy DF OF
1 Bo Horvat Kevin Fiala Vincent Trocheck 30 1 2 2
2 Patrice Bergeron Barrett Hayton Kirby Dach 30 1 2 2
3 Nicholas Paul Jaden Schwartz Conor Sheary 25 1 2 2
4 Shane Pinto Michael Rasmussen Nicholas Paul 15 1 2 2
5 vs 5 Defense
Defense Defense Time % Phy DF OF
1 Cale Makar Seth Jones 30 0 3 2
2 Brent Burns Devon Toews 30 1 3 1
3 Travis Sanheim Marcus Pettersson 25 0 4 1
4 Cale Makar Brent Burns 15 0 3 2
PowerPlay Forward
Center Left Wing Right Wing Time % Phy DF OF
1 Bo Horvat Kevin Fiala Vincent Trocheck 50 0 0 5
2 Patrice Bergeron Barrett Hayton Kirby Dach 50 0 0 5
PowerPlay Defense
Defense Defense Time % Phy DF OF
1 Brent Burns Seth Jones 50 0 1 4
2 Cale Makar Devon Toews 50 0 1 4
Penalty Kill 4 Players Forward
Center Wing Time % Phy DF OF
1 Patrice Bergeron Frederick Gaudreau 50 0 5 0
2 Barrett Hayton Michael Rasmussen 50 0 5 0
Penalty Kill 4 Players Defense
Defense Defense Time % Phy DF OF
1 Devon Toews Travis Sanheim 50 0 5 0
2 Brent Burns Seth Jones 50 0 5 0
Penalty Kill - 3 Players Forward
Forward Time % Phy DF OF
1 Bo Horvat 50 0 5 0
2 Frederick Gaudreau 50 0 5 0
Penalty Kill - 3 Players Defense
Defense Defense Time % Phy DF OF
1 Marcus Pettersson Seth Jones 50 0 5 0
2 Travis Sanheim Devon Toews 50 0 5 0
4 vs 4 Forward
Center Wing Time % Phy DF OF
1 Vincent Trocheck Frederick Gaudreau 50 1 2 2
2 Shane Pinto Kevin Fiala 50 1 2 2
4 vs 4 Defense
Defense Defense Time % Phy DF OF
1 Devon Toews Travis Sanheim 50 1 3 1
2 Marcus Pettersson Cale Makar 50 0 4 1
Last Minutes Offensive
Center Left Wing Right Wing Defense Defense
Bo Horvat Kevin Fiala Vincent Trocheck Cale Makar Seth Jones
Last Minutes Defensive
Center Left Wing Right Wing Defense Defense
Bo Horvat Kevin Fiala Vincent Trocheck Cale Makar Seth Jones
Goaltenders
Starting : Thatcher Demko
Backup : Jordan Binnington
Extra Forwards
Normal : Frederick Gaudreau, Nicholas Paul, Jaden Schwartz - PP : Frederick Gaudreau, Nicholas Paul - PK : Jaden Schwartz
Extra Defensemen
Normal : Travis Sanheim, Marcus Pettersson, Brent Burns - PP : Travis Sanheim - PK : Marcus Pettersson, Brent Burns
Penalty Shots
Bo Horvat, Patrice Bergeron, Vincent Trocheck, Kevin Fiala, Barrett Hayton
Pittsburgh Penguins
5 vs 5 Forward
Center Left Wing Right Wing Time % Phy DF OF
1 Leon Draisaitl Pavel Buchnevich Mitchell Marner 30 1 2 2
2 Jean-Gabriel Pageau Anders Lee Sam Reinhart 30 1 2 2
3 Phillip Danault Jordan Eberle Ryan Johansen 25 1 2 2
4 Colton Sissons Gabriel Vilardi Jordan Eberle 15 1 2 2
5 vs 5 Defense
Defense Defense Time % Phy DF OF
1 Erik Karlsson Mattias Ekholm 35 1 2 2
2 Ryan Suter Brian Dumoulin 35 1 2 2
3 Erik Gudbranson J.J. Moser 30 1 2 2
4 Erik Karlsson Mattias Ekholm 0 1 2 2
PowerPlay Forward
Center Left Wing Right Wing Time % Phy DF OF
1 Leon Draisaitl Pavel Buchnevich Mitchell Marner 50 1 2 2
2 Jean-Gabriel Pageau Anders Lee Sam Reinhart 50 1 2 2
PowerPlay Defense
Defense Defense Time % Phy DF OF
1 Erik Karlsson Mattias Ekholm 50 1 2 2
2 Ryan Suter Brian Dumoulin 50 1 2 2
Penalty Kill 4 Players Forward
Center Wing Time % Phy DF OF
1 Leon Draisaitl Mitchell Marner 50 1 2 2
2 Sam Reinhart Pavel Buchnevich 50 1 2 2
Penalty Kill 4 Players Defense
Defense Defense Time % Phy DF OF
1 Erik Karlsson Mattias Ekholm 50 1 2 2
2 Ryan Suter Brian Dumoulin 50 1 2 2
Penalty Kill - 3 Players Forward
Forward Time % Phy DF OF
1 Leon Draisaitl 50 1 2 2
2 Mitchell Marner 50 1 2 2
Penalty Kill - 3 Players Defense
Defense Defense Time % Phy DF OF
1 Erik Karlsson Mattias Ekholm 50 1 2 2
2 Ryan Suter Brian Dumoulin 50 1 2 2
4 vs 4 Forward
Center Wing Time % Phy DF OF
1 Leon Draisaitl Mitchell Marner 50 1 2 2
2 Sam Reinhart Pavel Buchnevich 50 1 2 2
4 vs 4 Defense
Defense Defense Time % Phy DF OF
1 Erik Karlsson Mattias Ekholm 50 1 2 2
2 Ryan Suter Brian Dumoulin 50 1 2 2
Last Minutes Offensive
Center Left Wing Right Wing Defense Defense
Leon Draisaitl Pavel Buchnevich Mitchell Marner Erik Karlsson Mattias Ekholm
Last Minutes Defensive
Center Left Wing Right Wing Defense Defense
Leon Draisaitl Pavel Buchnevich Mitchell Marner Erik Karlsson Mattias Ekholm
Goaltenders
Starting : Akira Schmid
Backup : Marc-Andre Fleury
Extra Forwards
Normal : Tom Wilson, Gabriel Vilardi, Phillip Danault - PP : Tom Wilson, Gabriel Vilardi - PK : Phillip Danault
Extra Defensemen
Normal : Erik Gudbranson, J.J. Moser, Ryan Suter - PP : Erik Gudbranson - PK : J.J. Moser, Ryan Suter
Penalty Shots
Leon Draisaitl, Mitchell Marner, Sam Reinhart, Pavel Buchnevich, Jean-Gabriel Pageau
% Time on Ice - Chicago Black Hawks
Lines # - Real PCT - Wanted PCT - Time Play
Normal Forward
1 - 32% - 30% - 14:58
2 - 30% - 30% - 13:58
3 - 24% - 25% - 11:06
4 - 15% - 15% - 7:11
Normal Defense
1 - 30% - 30% - 14:03
2 - 30% - 30% - 14:21
3 - 29% - 25% - 13:46
4 - 11% - 15% - 5:03
PP Forward
1 - 49% - 50% - 4:18
2 - 51% - 50% - 4:31
PP Defense
1 - 50% - 50% - 4:24
2 - 50% - 50% - 4:25
PK Forward
1 - 55% - 50% - 2:10
2 - 45% - 50% - 1:48
PK Defense
1 - 51% - 50% - 2:02
2 - 49% - 50% - 1:56
PK3 Forward
1 - 0% - 50%
2 - 0% - 50%
PK3 Defense
1 - 0% - 50%
2 - 0% - 50%
44 Forward
1 - 47% - 50% - 2:21
2 - 53% - 50% - 2:39
44 Defense
1 - 46% - 50% - 2:19
2 - 54% - 50% - 2:41
Last Minute Offensive - 0:00
Last Minute Defensive - 0:00
Total
Forward - 65:00
Defense - 65:00
|
% Time on Ice - Pittsburgh Penguins
Lines # - Real PCT - Wanted PCT - Time Play
Normal Forward
1 - 31% - 30% - 14:27
2 - 33% - 30% - 15:24
3 - 25% - 25% - 11:45
4 - 12% - 15% - 5:37
Normal Defense
1 - 35% - 35% - 16:31
2 - 36% - 35% - 16:46
3 - 29% - 30% - 13:33
4 - 1% - 0% - 0:23
PP Forward
1 - 47% - 50% - 1:52
2 - 53% - 50% - 2:06
PP Defense
1 - 50% - 50% - 1:59
2 - 50% - 50% - 1:59
PK Forward
1 - 52% - 50% - 4:33
2 - 48% - 50% - 4:16
PK Defense
1 - 50% - 50% - 4:26
2 - 50% - 50% - 4:23
PK3 Forward
1 - 0% - 50%
2 - 0% - 50%
PK3 Defense
1 - 0% - 50%
2 - 0% - 50%
44 Forward
1 - 55% - 50% - 2:46
2 - 45% - 50% - 2:14
44 Defense
1 - 59% - 50% - 2:58
2 - 41% - 50% - 2:02
Last Minute Offensive - 0:00
Last Minute Defensive - 0:00
Total
Forward - 65:00
Defense - 65:00
|
Play-by-Play
1st period
0:01 of 1st period - Bo Horvat wins face-off versus Leon Draisaitl in neutral zone.
0:03 of 1st period - Off-side.
0:04 of 1st period - Bo Horvat wins face-off versus Leon Draisaitl in neutral zone.
1:01 of 1st period - Backhand shot by Conor Sheary.
1:01 of 1st period - Stopped by Akira Schmid with a rebound.
2:23 of 1st period - Double Minor Penalty to Leon Draisaitl for High sticking.
2:24 of 1st period - Bo Horvat wins face-off versus Phillip Danault in Pittsburgh Penguins zone.
3:38 of 1st period - Mitchell Marner is hit by Vincent Trocheck.
3:42 of 1st period - Seth Jones is hit by Brian Dumoulin and loses puck.
5:32 of 1st period - Wrist shot by Conor Sheary.
5:32 of 1st period - Shot Misses the Net.
6:23 of 1st period - Penalty to Leon Draisaitl is over, Leon Draisaitl is back on ice.
6:47 of 1st period - Snap shot by Jean-Gabriel Pageau.
6:47 of 1st period - Stopped by Thatcher Demko without a rebound.
6:48 of 1st period - Phillip Danault wins face-off versus Shane Pinto in Chicago Black Hawks zone.
6:49 of 1st period - Wrist shot by Ryan Johansen.
6:49 of 1st period - Shot Misses the Net.
6:51 of 1st period - Wrist shot by Phillip Danault.
6:51 of 1st period - Shot Misses the Net.
6:53 of 1st period - Slapshot by J.J. Moser.
6:53 of 1st period - Stopped by Thatcher Demko without a rebound.
6:54 of 1st period - Shane Pinto wins face-off versus Phillip Danault in Chicago Black Hawks zone.
8:15 of 1st period - Wrist shot by Patrice Bergeron.
8:15 of 1st period - Stopped by Akira Schmid with a rebound.
8:34 of 1st period - Wrist shot by Nicholas Paul.
8:34 of 1st period - Shot Misses the Net.
8:36 of 1st period - Snap shot by Conor Sheary.
8:36 of 1st period - Stopped by Akira Schmid without a rebound.
8:37 of 1st period - Jean-Gabriel Pageau wins face-off versus Bo Horvat in Pittsburgh Penguins zone.
8:50 of 1st period - Snap shot by Vincent Trocheck.
8:50 of 1st period - Shot Misses the Net.
8:56 of 1st period - Seth Jones is hit by Jean-Gabriel Pageau and loses puck.
9:57 of 1st period - Snap shot by Sam Reinhart.
9:57 of 1st period - Stopped by Thatcher Demko with a rebound.
10:11 of 1st period - Wrist shot by Bo Horvat.
10:11 of 1st period - Shot Misses the Net.
10:13 of 1st period - Slapshot by Travis Sanheim.
10:13 of 1st period - Stopped by Akira Schmid with a rebound.
10:15 of 1st period - Snap shot by Vincent Trocheck.
10:15 of 1st period - Stopped by Akira Schmid with a rebound.
10:37 of 1st period - Jean-Gabriel Pageau is hit by Barrett Hayton and loses puck.
11:07 of 1st period - Devon Toews is hit by Leon Draisaitl and loses puck.
11:39 of 1st period - Wrist shot by Michael Rasmussen.
11:39 of 1st period - Shot Misses the Net.
11:41 of 1st period - Wrist shot by Vincent Trocheck.
11:41 of 1st period - Shot Blocked by Erik Gudbranson.
12:27 of 1st period - Wrist shot by Phillip Danault.
12:27 of 1st period - Stopped by Thatcher Demko with a rebound.
12:29 of 1st period - Slapshot by Erik Gudbranson.
12:29 of 1st period - Stopped by Thatcher Demko with a rebound.
12:52 of 1st period - Snap shot by Shane Pinto.
12:52 of 1st period - Stopped by Akira Schmid with a rebound.
14:02 of 1st period - Brian Dumoulin is hit by Patrice Bergeron and loses puck.
14:15 of 1st period - Wrist shot by Bo Horvat.
14:15 of 1st period - Shot Misses the Net.
14:45 of 1st period - Mattias Ekholm is hit by Michael Rasmussen and loses puck.
15:29 of 1st period - Icing by Kevin Fiala.
15:30 of 1st period - Nicholas Paul wins face-off versus Colton Sissons in Chicago Black Hawks zone.
15:39 of 1st period - Erik Gudbranson is hit by Nicholas Paul and loses puck.
15:56 of 1st period - Off-side.
15:57 of 1st period - Leon Draisaitl wins face-off versus Patrice Bergeron in neutral zone.
16:00 of 1st period - Wrist shot by Pavel Buchnevich.
16:00 of 1st period - Shot Misses the Net.
16:03 of 1st period - Minor Penalty to Patrice Bergeron for Holding.
16:04 of 1st period - Leon Draisaitl wins face-off versus Jaden Schwartz in Chicago Black Hawks zone.
17:14 of 1st period - Snap shot by Michael Rasmussen.
17:14 of 1st period - Stopped by Akira Schmid with a rebound.
17:59 of 1st period - Frederick Gaudreau is hit by Mitchell Marner.
18:03 of 1st period - Penalty to Patrice Bergeron is over, Patrice Bergeron is back on ice.
18:25 of 1st period - Minor Penalty to Kevin Fiala for Hooking.
18:26 of 1st period - Barrett Hayton wins face-off versus Jean-Gabriel Pageau in Chicago Black Hawks zone.
18:26 of 1st period - Barrett Hayton is hit by Ryan Suter.
Goals for this period are 0 for Chicago Black Hawks vs 0 for Pittsburgh Penguins.
Shots for this period are 7 for Chicago Black Hawks vs 5 for Pittsburgh Penguins.
2nd period
0:01 of 2nd period - Barrett Hayton wins face-off versus Jean-Gabriel Pageau in neutral zone.
0:04 of 2nd period - Snap shot by Brent Burns.
0:04 of 2nd period - Shot Blocked by Anders Lee.
0:25 of 2nd period - Penalty to Kevin Fiala is over, Kevin Fiala is back on ice.
1:12 of 2nd period - Slapshot by Kevin Fiala.
1:12 of 2nd period - Shot Misses the Net.
1:14 of 2nd period - Backhand shot by Vincent Trocheck.
1:14 of 2nd period - Stopped by Akira Schmid with a rebound.
1:16 of 2nd period - Wrist shot by Vincent Trocheck.
1:16 of 2nd period - Shot Blocked by Sam Reinhart.
1:18 of 2nd period - Slapshot by Brent Burns.
1:18 of 2nd period - Stopped by Akira Schmid with a rebound.
1:32 of 2nd period - Leon Draisaitl is hit by Travis Sanheim and loses puck.
1:47 of 2nd period - Colton Sissons is hit by Jaden Schwartz and loses puck.
2:00 of 2nd period - J.J. Moser is hit by Kevin Fiala and loses puck.
2:26 of 2nd period - Leon Draisaitl is hit by Kirby Dach and loses puck.
2:53 of 2nd period - Nicholas Paul is hit by Ryan Suter and loses puck.
3:14 of 2nd period - Wrist shot by Sam Reinhart.
3:14 of 2nd period - Stopped by Thatcher Demko with a rebound.
3:24 of 2nd period - Snap shot by Kirby Dach.
3:24 of 2nd period - Stopped by Akira Schmid without a rebound.
3:25 of 2nd period - Leon Draisaitl wins face-off versus Bo Horvat in Pittsburgh Penguins zone.
3:25 of 2nd period - Leon Draisaitl is hit by Kevin Fiala.
3:32 of 2nd period - Off-side.
3:33 of 2nd period - Jean-Gabriel Pageau wins face-off versus Nicholas Paul in neutral zone.
3:46 of 2nd period - Wrist shot by Nicholas Paul.
3:46 of 2nd period - Stopped by Akira Schmid without a rebound.
3:47 of 2nd period - Jean-Gabriel Pageau wins face-off versus Patrice Bergeron in Pittsburgh Penguins zone.
4:05 of 2nd period - Icing by Anders Lee.
4:06 of 2nd period - Jean-Gabriel Pageau wins face-off versus Bo Horvat in Pittsburgh Penguins zone.
4:06 of 2nd period - Jean-Gabriel Pageau is hit by Vincent Trocheck.
4:13 of 2nd period - Off-side.
4:14 of 2nd period - Bo Horvat wins face-off versus Leon Draisaitl in neutral zone.
4:43 of 2nd period - Ryan Suter is hit by Seth Jones and loses puck.
4:52 of 2nd period - Wrist shot by Patrice Bergeron.
4:52 of 2nd period - Stopped by Akira Schmid without a rebound.
4:53 of 2nd period - Phillip Danault wins face-off versus Nicholas Paul in Pittsburgh Penguins zone.
4:53 of 2nd period - Phillip Danault is hit by Conor Sheary.
5:03 of 2nd period - Snap shot by Phillip Danault.
5:03 of 2nd period - Stopped by Thatcher Demko with a rebound.
5:05 of 2nd period - Slapshot by Ryan Johansen.
5:05 of 2nd period - Stopped by Thatcher Demko with a rebound.
5:07 of 2nd period - Slapshot by Mattias Ekholm.
5:07 of 2nd period - Stopped by Thatcher Demko with a rebound.
5:09 of 2nd period - Snap shot by Phillip Danault.
5:09 of 2nd period - Shot Misses the Net.
5:47 of 2nd period - Wrist shot by Bo Horvat.
5:47 of 2nd period - Shot Misses the Net.
5:59 of 2nd period - Shane Pinto is hit by Ryan Johansen and loses puck.
6:05 of 2nd period - Off-side.
6:06 of 2nd period - Phillip Danault wins face-off versus Shane Pinto in neutral zone.
6:47 of 2nd period - Snap shot by Nicholas Paul.
6:47 of 2nd period - Shot Blocked by Jordan Eberle.
6:49 of 2nd period - Slapshot by Shane Pinto.
6:49 of 2nd period - Shot Blocked by Ryan Johansen.
6:51 of 2nd period - Slapshot by Brent Burns.
6:51 of 2nd period - Stopped by Akira Schmid with a rebound.
6:53 of 2nd period - Snap shot by Nicholas Paul.
6:53 of 2nd period - Shot Misses the Net.
7:13 of 2nd period - Ryan Suter is hit by Michael Rasmussen and loses puck.
7:28 of 2nd period - Slapshot by Shane Pinto.
7:28 of 2nd period - Stopped by Akira Schmid with a rebound.
7:30 of 2nd period - Slapshot by Brent Burns.
7:30 of 2nd period - Stopped by Akira Schmid with a rebound.
7:32 of 2nd period - Slapshot by Shane Pinto.
7:32 of 2nd period - Shot Misses the Net.
7:36 of 2nd period - Slapshot by Shane Pinto.
7:36 of 2nd period - Shot Blocked by Brian Dumoulin.
7:50 of 2nd period - Wrist shot by Shane Pinto.
7:50 of 2nd period - Stopped by Akira Schmid with a rebound.
7:58 of 2nd period - Slapshot by Devon Toews.
7:58 of 2nd period - Deflect By Shane Pinto.
7:58 of 2nd period - Shot Misses the Net.
7:58 of 2nd period - Puck is out of play.
7:59 of 2nd period - Jean-Gabriel Pageau wins face-off versus Patrice Bergeron in Pittsburgh Penguins zone.
8:03 of 2nd period - Off-side.
8:04 of 2nd period - Jean-Gabriel Pageau wins face-off versus Patrice Bergeron in neutral zone.
8:38 of 2nd period - Wrist shot by Mitchell Marner.
8:38 of 2nd period - Shot Blocked by Travis Sanheim.
9:52 of 2nd period - Brent Burns is hit by Anders Lee and loses puck.
10:21 of 2nd period - Vincent Trocheck is hit by Erik Gudbranson and loses puck.
11:19 of 2nd period - Devon Toews is hit by Brian Dumoulin and loses puck.
11:48 of 2nd period - Travis Sanheim is hit by Tom Wilson and loses puck.
14:22 of 2nd period - Wrist shot by Patrice Bergeron.
14:22 of 2nd period - Stopped by Akira Schmid with a rebound.
14:32 of 2nd period - Kevin Fiala is hit by Leon Draisaitl and loses puck.
14:43 of 2nd period - Ryan Suter is hit by Brent Burns.
15:06 of 2nd period - Leon Draisaitl is hit by Nicholas Paul and loses puck.
16:15 of 2nd period - Sam Reinhart is hit by Seth Jones and loses puck.
16:28 of 2nd period - Slapshot by Conor Sheary.
16:28 of 2nd period - Shot Misses the Net.
16:30 of 2nd period - Slapshot by Devon Toews.
16:30 of 2nd period - Shot Misses the Net.
16:32 of 2nd period - Wrist shot by Frederick Gaudreau.
16:32 of 2nd period - Shot Blocked by Sam Reinhart.
16:34 of 2nd period - Snap shot by Jaden Schwartz.
16:34 of 2nd period - Shot Blocked by Jean-Gabriel Pageau.
16:36 of 2nd period - Slapshot by Jaden Schwartz.
16:36 of 2nd period - Shot Blocked by Ryan Suter.
16:38 of 2nd period - Slapshot by Seth Jones.
16:38 of 2nd period - Shot Blocked by Jean-Gabriel Pageau.
16:46 of 2nd period - Snap shot by Sam Reinhart.
16:46 of 2nd period - Deflect By Seth Jones.
16:46 of 2nd period - Shot Misses the Net.
16:46 of 2nd period - Puck is out of play.
16:47 of 2nd period - Barrett Hayton wins face-off versus Leon Draisaitl in Chicago Black Hawks zone.
17:47 of 2nd period - Marcus Pettersson is hit by Colton Sissons and loses puck.
18:40 of 2nd period - Wrist shot by Kirby Dach.
18:40 of 2nd period - Shot Blocked by Jean-Gabriel Pageau.
18:52 of 2nd period - Slapshot by Cale Makar.
18:52 of 2nd period - Shot Misses the Net.
19:54 of 2nd period - Conor Sheary is hit by Leon Draisaitl and loses puck.
Goals for this period are 0 for Chicago Black Hawks vs 0 for Pittsburgh Penguins.
Shots for this period are 10 for Chicago Black Hawks vs 4 for Pittsburgh Penguins.
3rd period
0:01 of 3rd period - Patrice Bergeron wins face-off versus Mitchell Marner in neutral zone.
0:07 of 3rd period - Off-side.
0:08 of 3rd period - Leon Draisaitl wins face-off versus Patrice Bergeron in neutral zone.
0:13 of 3rd period - Wrist shot by Patrice Bergeron.
0:13 of 3rd period - Shot Blocked by Mitchell Marner.
0:19 of 3rd period - Snap shot by Leon Draisaitl.
0:19 of 3rd period - Stopped by Thatcher Demko with a rebound.
0:21 of 3rd period - Snap shot by Leon Draisaitl.
0:21 of 3rd period - Pittsburgh Penguins goal is going for a video replay.
0:21 of 3rd period - The goal is refused. The puck has been directed, batted or thrown into the net by an attacking player other than with a stick..
0:22 of 3rd period - Jean-Gabriel Pageau wins face-off versus Bo Horvat in Chicago Black Hawks zone.
0:52 of 3rd period - Slapshot by Bo Horvat.
0:52 of 3rd period - Shot Blocked by Brian Dumoulin.
0:54 of 3rd period - Slapshot by Brent Burns.
0:54 of 3rd period - Deflect By Sam Reinhart.
0:54 of 3rd period - Goal by Brent Burns - Chicago Black Hawks : 1 - Pittsburgh Penguins : 0.
0:55 of 3rd period - Leon Draisaitl wins face-off versus Patrice Bergeron in neutral zone.
0:58 of 3rd period - Kirby Dach is hit by Erik Karlsson and loses puck.
1:11 of 3rd period - Slapshot by Patrice Bergeron.
1:11 of 3rd period - Stopped by Akira Schmid with a rebound.
1:21 of 3rd period - Mattias Ekholm is hit by Conor Sheary and loses puck.
1:46 of 3rd period - Mattias Ekholm is hit by Bo Horvat and loses puck.
2:19 of 3rd period - Jordan Eberle is hit by Michael Rasmussen and loses puck.
2:32 of 3rd period - Jaden Schwartz is hit by Sam Reinhart and loses puck.
2:55 of 3rd period - Slapshot by Patrice Bergeron.
2:55 of 3rd period - Shot Blocked by Erik Gudbranson.
3:12 of 3rd period - Icing by Erik Gudbranson.
3:13 of 3rd period - Patrice Bergeron wins face-off versus Phillip Danault in Pittsburgh Penguins zone.
3:29 of 3rd period - Minor Penalty to Phillip Danault for Tripping.
3:30 of 3rd period - Patrice Bergeron wins face-off versus Sam Reinhart in Pittsburgh Penguins zone.
4:13 of 3rd period - Wrist shot by Kirby Dach.
4:13 of 3rd period - Shot Misses the Net.
4:15 of 3rd period - Slapshot by Brent Burns.
4:15 of 3rd period - Stopped by Akira Schmid with a rebound.
4:17 of 3rd period - Slapshot by Seth Jones.
4:17 of 3rd period - Shot Misses the Net.
4:19 of 3rd period - Slapshot by Kirby Dach.
4:19 of 3rd period - Shot Blocked by Erik Karlsson.
4:21 of 3rd period - Snap shot by Patrice Bergeron.
4:21 of 3rd period - Goal by Patrice Bergeron - Chicago Black Hawks : 2 - Pittsburgh Penguins : 0.
4:22 of 3rd period - Nicholas Paul wins face-off versus Leon Draisaitl in neutral zone.
4:33 of 3rd period - Wrist shot by Jaden Schwartz.
4:33 of 3rd period - Shot Misses the Net.
4:49 of 3rd period - Kevin Fiala is hit by Phillip Danault and loses puck.
5:23 of 3rd period - Slapshot by Erik Karlsson.
5:23 of 3rd period - Stopped by Thatcher Demko without a rebound.
5:24 of 3rd period - Nicholas Paul wins face-off versus Mitchell Marner in Chicago Black Hawks zone.
5:28 of 3rd period - Off-side.
5:29 of 3rd period - Nicholas Paul wins face-off versus Leon Draisaitl in neutral zone.
5:57 of 3rd period - Icing by Brent Burns.
5:58 of 3rd period - Patrice Bergeron wins face-off versus Jean-Gabriel Pageau in Chicago Black Hawks zone.
6:11 of 3rd period - Snap shot by Sam Reinhart.
6:11 of 3rd period - Shot Misses the Net.
6:32 of 3rd period - Barrett Hayton is hit by J.J. Moser and loses puck.
6:45 of 3rd period - Snap shot by Jean-Gabriel Pageau.
6:45 of 3rd period - Stopped by Thatcher Demko with a rebound.
6:47 of 3rd period - Slapshot by Erik Gudbranson.
6:47 of 3rd period - Stopped by Thatcher Demko without a rebound.
6:48 of 3rd period - Leon Draisaitl wins face-off versus Bo Horvat in Chicago Black Hawks zone.
6:59 of 3rd period - Slapshot by Leon Draisaitl.
6:59 of 3rd period - Stopped by Thatcher Demko without a rebound.
7:00 of 3rd period - Leon Draisaitl wins face-off versus Vincent Trocheck in Chicago Black Hawks zone.
7:56 of 3rd period - Slapshot by Brent Burns.
7:56 of 3rd period - Shot Blocked by Brian Dumoulin.
7:58 of 3rd period - Snap shot by Nicholas Paul.
7:58 of 3rd period - Stopped by Akira Schmid without a rebound.
7:59 of 3rd period - Patrice Bergeron wins face-off versus Jean-Gabriel Pageau in Pittsburgh Penguins zone.
8:26 of 3rd period - Kevin Fiala is hit by Anders Lee and loses puck.
8:39 of 3rd period - Backhand shot by Jean-Gabriel Pageau.
8:39 of 3rd period - Goal by Jean-Gabriel Pageau - Chicago Black Hawks : 2 - Pittsburgh Penguins : 1.
8:40 of 3rd period - Patrice Bergeron wins face-off versus Leon Draisaitl in neutral zone.
8:43 of 3rd period - Slapshot by Brent Burns.
8:43 of 3rd period - Deflect By J.J. Moser.
8:43 of 3rd period - Stopped by Akira Schmid without a rebound.
8:44 of 3rd period - Kirby Dach wins face-off versus Leon Draisaitl in Pittsburgh Penguins zone.
8:47 of 3rd period - Snap shot by Kirby Dach.
8:47 of 3rd period - Shot Misses the Net.
9:07 of 3rd period - Minor Penalty to Pavel Buchnevich for Tripping.
9:08 of 3rd period - Sam Reinhart wins face-off versus Bo Horvat in Pittsburgh Penguins zone.
9:14 of 3rd period - Icing by Kevin Fiala.
9:15 of 3rd period - Sam Reinhart wins face-off versus Kevin Fiala in Chicago Black Hawks zone.
9:16 of 3rd period - Slapshot by Phillip Danault.
9:16 of 3rd period - Stopped by Thatcher Demko without a rebound.
9:17 of 3rd period - Bo Horvat wins face-off versus Sam Reinhart in Chicago Black Hawks zone.
9:28 of 3rd period - Slapshot by Sam Reinhart.
9:28 of 3rd period - Stopped by Thatcher Demko without a rebound.
9:29 of 3rd period - Sam Reinhart wins face-off versus Bo Horvat in Chicago Black Hawks zone.
9:38 of 3rd period - Snap shot by Sam Reinhart.
9:38 of 3rd period - Stopped by Thatcher Demko without a rebound.
9:39 of 3rd period - Sam Reinhart wins face-off versus Bo Horvat in Chicago Black Hawks zone.
9:40 of 3rd period - Snap shot by Phillip Danault.
9:40 of 3rd period - Stopped by Thatcher Demko without a rebound.
9:41 of 3rd period - Sam Reinhart wins face-off versus Bo Horvat in Chicago Black Hawks zone.
9:56 of 3rd period - Wrist shot by Phillip Danault.
9:56 of 3rd period - Goal by Phillip Danault - Chicago Black Hawks : 2 - Pittsburgh Penguins : 2.
9:57 of 3rd period - Leon Draisaitl wins face-off versus Patrice Bergeron in neutral zone.
10:02 of 3rd period - Wrist shot by Mitchell Marner.
10:02 of 3rd period - Stopped by Thatcher Demko with a rebound.
10:30 of 3rd period - Slapshot by Bo Horvat.
10:30 of 3rd period - Stopped by Akira Schmid with a rebound.
10:32 of 3rd period - Wrist shot by Kevin Fiala.
10:32 of 3rd period - Stopped by Akira Schmid with a rebound.
10:42 of 3rd period - Slapshot by Phillip Danault.
10:42 of 3rd period - Shot Blocked by Brent Burns.
11:07 of 3rd period - Penalty to Pavel Buchnevich is over, Pavel Buchnevich is back on ice.
11:40 of 3rd period - Backhand shot by Anders Lee.
11:40 of 3rd period - Stopped by Thatcher Demko with a rebound.
11:42 of 3rd period - Snap shot by Jean-Gabriel Pageau.
11:42 of 3rd period - Stopped by Thatcher Demko with a rebound.
11:44 of 3rd period - Wrist shot by Sam Reinhart.
11:44 of 3rd period - Stopped by Thatcher Demko without a rebound.
11:45 of 3rd period - Leon Draisaitl wins face-off versus Bo Horvat in Chicago Black Hawks zone.
11:46 of 3rd period - Snap shot by Mitchell Marner.
11:46 of 3rd period - Stopped by Thatcher Demko without a rebound.
11:47 of 3rd period - Bo Horvat wins face-off versus Leon Draisaitl in Chicago Black Hawks zone.
12:02 of 3rd period - Snap shot by Cale Makar.
12:02 of 3rd period - Stopped by Akira Schmid without a rebound.
12:03 of 3rd period - Phillip Danault wins face-off versus Patrice Bergeron in Pittsburgh Penguins zone.
12:17 of 3rd period - Off-side.
12:18 of 3rd period - Vincent Trocheck wins face-off versus Pavel Buchnevich in neutral zone.
12:22 of 3rd period - Off-side.
12:23 of 3rd period - Bo Horvat wins face-off versus Leon Draisaitl in neutral zone.
12:30 of 3rd period - Snap shot by Bo Horvat.
12:30 of 3rd period - Shot Misses the Net.
12:32 of 3rd period - Slapshot by Seth Jones.
12:32 of 3rd period - Deflect By Vincent Trocheck.
12:32 of 3rd period - Shot Misses the Net.
12:32 of 3rd period - Puck is out of play.
12:33 of 3rd period - Phillip Danault wins face-off versus Patrice Bergeron in Pittsburgh Penguins zone.
12:40 of 3rd period - Wrist shot by Ryan Johansen.
12:40 of 3rd period - Shot Misses the Net.
12:42 of 3rd period - Slapshot by Erik Karlsson.
12:42 of 3rd period - Deflect By Ryan Johansen.
12:42 of 3rd period - Shot Blocked by Devon Toews.
12:42 of 3rd period - Puck is out of play.
12:43 of 3rd period - Phillip Danault wins face-off versus Patrice Bergeron in Chicago Black Hawks zone.
12:48 of 3rd period - Snap shot by Phillip Danault.
12:48 of 3rd period - Deflect By Ryan Johansen.
12:48 of 3rd period - Shot Blocked by Patrice Bergeron.
12:48 of 3rd period - Puck is out of play.
12:49 of 3rd period - Leon Draisaitl wins face-off versus Nicholas Paul in Chicago Black Hawks zone.
13:19 of 3rd period - Snap shot by Vincent Trocheck.
13:19 of 3rd period - Shot Blocked by Ryan Suter.
13:45 of 3rd period - Slapshot by Jordan Eberle.
13:45 of 3rd period - Stopped by Thatcher Demko without a rebound.
13:46 of 3rd period - Patrice Bergeron wins face-off versus Mitchell Marner in Chicago Black Hawks zone.
14:01 of 3rd period - Snap shot by Patrice Bergeron.
14:01 of 3rd period - Shot Misses the Net.
14:03 of 3rd period - Wrist shot by Barrett Hayton.
14:03 of 3rd period - Shot Misses the Net.
14:05 of 3rd period - Slapshot by Devon Toews.
14:05 of 3rd period - Shot Misses the Net.
14:07 of 3rd period - Slapshot by Devon Toews.
14:07 of 3rd period - Stopped by Akira Schmid without a rebound.
14:08 of 3rd period - Bo Horvat wins face-off versus Phillip Danault in Pittsburgh Penguins zone.
14:13 of 3rd period - Snap shot by Bo Horvat.
14:13 of 3rd period - Shot Misses the Net.
14:19 of 3rd period - Marcus Pettersson is hit by Phillip Danault and loses puck.
15:37 of 3rd period - Cale Makar is hit by Sam Reinhart and loses puck.
16:05 of 3rd period - Minor Penalty to Erik Gudbranson for Hooking.
16:06 of 3rd period - Leon Draisaitl wins face-off versus Patrice Bergeron in Pittsburgh Penguins zone.
16:48 of 3rd period - Wrist shot by Patrice Bergeron.
16:48 of 3rd period - Stopped by Akira Schmid without a rebound.
16:49 of 3rd period - Sam Reinhart wins face-off versus Bo Horvat in Pittsburgh Penguins zone.
16:49 of 3rd period - Sam Reinhart is hit by Bo Horvat.
18:05 of 3rd period - Penalty to Erik Gudbranson is over, Erik Gudbranson is back on ice.
18:15 of 3rd period - Wrist shot by Michael Rasmussen.
18:15 of 3rd period - Stopped by Akira Schmid with a rebound.
18:17 of 3rd period - Slapshot by Marcus Pettersson.
18:17 of 3rd period - Shot Blocked by Leon Draisaitl.
18:19 of 3rd period - Slapshot by Travis Sanheim.
18:19 of 3rd period - Stopped by Akira Schmid without a rebound.
18:20 of 3rd period - Nicholas Paul wins face-off versus Phillip Danault in Pittsburgh Penguins zone.
18:21 of 3rd period - Wrist shot by Jaden Schwartz.
18:21 of 3rd period - Stopped by Akira Schmid with a rebound.
18:23 of 3rd period - Wrist shot by Nicholas Paul.
18:23 of 3rd period - Shot Misses the Net.
18:25 of 3rd period - Slapshot by Travis Sanheim.
18:25 of 3rd period - Stopped by Akira Schmid without a rebound.
18:26 of 3rd period - Phillip Danault wins face-off versus Jaden Schwartz in Pittsburgh Penguins zone.
18:26 of 3rd period - Phillip Danault is hit by Conor Sheary.
19:40 of 3rd period - Slapshot by Erik Karlsson.
19:40 of 3rd period - Shot Blocked by Devon Toews.
19:42 of 3rd period - Snap shot by Tom Wilson.
19:42 of 3rd period - Stopped by Thatcher Demko with a rebound.
Goals for this period are 2 for Chicago Black Hawks vs 2 for Pittsburgh Penguins.
Shots for this period are 15 for Chicago Black Hawks vs 19 for Pittsburgh Penguins.
Overtime #1
0:01 of 1st overtime period - Leon Draisaitl wins face-off versus Vincent Trocheck in neutral zone.
0:16 of 1st overtime period - Wrist shot by Leon Draisaitl.
0:16 of 1st overtime period - Shot Blocked by Travis Sanheim.
0:36 of 1st overtime period - Snap shot by Shane Pinto.
0:36 of 1st overtime period - Shot Misses the Net.
1:50 of 1st overtime period - Sam Reinhart is hit by Marcus Pettersson and loses puck.
3:09 of 1st overtime period - Nicholas Paul is hit by Pavel Buchnevich and loses puck.
3:41 of 1st overtime period - Icing by Brian Dumoulin.
3:42 of 1st overtime period - Gabriel Vilardi wins face-off versus Vincent Trocheck in Pittsburgh Penguins zone.
3:47 of 1st overtime period - Ryan Suter is hit by Marcus Pettersson and loses puck.
4:36 of 1st overtime period - Mattias Ekholm is hit by Cale Makar and loses puck.
Goals for this period are 0 for Chicago Black Hawks vs 0 for Pittsburgh Penguins.
Shots for this period are 0 for Chicago Black Hawks vs 0 for Pittsburgh Penguins.
ShootOut
5:00 of 1st overtime period - Round #1.
5:00 of 1st overtime period - Chicago Black Hawks, Bo Horvat.
5:00 of 1st overtime period - Backhand shot by Bo Horvat.
5:00 of 1st overtime period - Stopped by Akira Schmid.
5:00 of 1st overtime period - Pittsburgh Penguins, Leon Draisaitl.
5:00 of 1st overtime period - Snap shot by Leon Draisaitl.
5:00 of 1st overtime period - Goal by Leon Draisaitl.
5:00 of 1st overtime period - Round #2.
5:00 of 1st overtime period - Chicago Black Hawks, Patrice Bergeron.
5:00 of 1st overtime period - Wrist shot by Patrice Bergeron.
5:00 of 1st overtime period - Stopped by Akira Schmid.
5:00 of 1st overtime period - Pittsburgh Penguins, Mitchell Marner.
5:00 of 1st overtime period - Snap shot by Mitchell Marner.
5:00 of 1st overtime period - Stopped by Thatcher Demko.
5:00 of 1st overtime period - Round #3.
5:00 of 1st overtime period - Chicago Black Hawks, Vincent Trocheck.
5:00 of 1st overtime period - Deke by Vincent Trocheck.
5:00 of 1st overtime period - Stopped by Akira Schmid.
Back to the Top